Cogmind - Beta 13 @@@ ROGUE MODE // 2024.04.02 @ 23:22:14 Player: lexi =3 Result: Destroyed by G-34 Mercenary with Small Laser Performance ------------- Evolutions (0) 0 Regions Visited (1) 200 Robots Destroyed (10) 50 Value Destroyed (307) 307 Prototype IDs (0) 0 Alien Tech Used (0) 0 Bonus (0) 0 TOTAL SCORE: 557 Bonus ------- None Cogmind --------- Core Integrity 0/250 Matter 144/300 Energy 125/125 System Corruption 2% Temperature Cool (12) Movement Walking (120) Location -10/Materials Parts ------- > --- POWER (1) -------- Light Ion Engine > --- PROPULSION (2) --- Aluminum Leg Aluminum Leg > --- UTILITY (2) ------ Small Storage Unit Launcher Guidance Computer > --- WEAPON (2) ------- Grenade Launcher Mini Grenade Launcher > --- INVENTORY (8) ---- Aluminum Leg Aluminum Leg Aluminum Leg Aluminum Leg Small Matter Pod (50) Improved Terrain Scanner Seismic Detector Peak State ------------ > --- POWER ------------ Light Ion Engine > --- PROPULSION ------- Aluminum Leg Aluminum Leg > --- UTILITY ---------- Small Storage Unit Launcher Guidance Computer > --- WEAPON ----------- Grenade Launcher Mini Grenade Launcher > --- INVENTORY -------- Aluminum Leg Small Matter Pod Improved Terrain Scanner Seismic Detector [Rating: 11] Favorites ----------- Power Ion Engine Engine Ion Engine Propulsion Aluminum Leg Leg Aluminum Leg Utility Small Storage Unit Storage Small Storage Unit Processor Launcher Guidance Computer Weapon Assault Rifle Ballistic Gun Assault Rifle Launcher Mini Grenade Launcher Build | -11 -10 ------- Run | Yrd Mat Slots Evolved . | . . Power . | . . Propulsion . | . . Utility . | . . Weapon . | . . Parts Attached 13 | 8 5 Power 2 | 1 1 Engine 2 | 1 1 Core . | . . Reactor . | . . Propulsion 5 | 2 3 Treads . | . . Leg 5 | 2 3 Wheel . | . . Hover . | . . Flight . | . . Utility 2 | 2 . Device . | . . Storage 1 | 1 . Processor 1 | 1 . Hackware . | . . Protection . | . . Artifact . | . . Weapon 4 | 3 1 Energy Gun . | . . Energy Cannon . | . . Ballistic Gun 2 | 2 . Ballistic Cannon . | . . Launcher 2 | 1 1 Special Weapon . | . . Impact Weapon . | . . Slashing Weapon . | . . Piercing Weapon . | . . Special Melee Weapon . | . . Unidentified Prototypes . | . . Parts Lost 3 | 2 1 Power 1 | . 1 Propulsion . | . . Utility . | . . Weapon 2 | 2 . Highest Loss Streak 2 | 2 1 To Critical Strikes . | . . Average Slot Usage (%) 89 | . 89 Engine 14 | . 14 Leg 28 | . 28 Storage 14 | . 14 Processor 14 | . 14 Launcher 17 | . 17 Naked Turns . | . . Heaviest Build 14 | 14 12 Greatest Support 20 | 20 20 Greatest Overweight (x) . | . . Average Overweight (x) . | . . Largest Inventory Capacity 8 | 8 8 Average Capacity 7 | 7 8 Most Carried 7 | 4 7 Average Carried 1 | 1 5 Final Capacity 8 | 8 8 Final Carried 7 | 4 7 Class Distribution -------------------- 100% | Mutant Dominant Class ---------------- Mutant | -10/Materials Resources | -11 -10 ----------- Run | Yrd Mat Matter Collected 409 | 330 79 Remotely . | . . Salvage Created 136 | 18 118 Parts 12 | . 12 Haulers Intercepted . | . . Recyclers Shooed 1 | 1 . Parts Field Recycled . | . . Retrieved Matter . | . . Parts Self-Destructed . | . . Prevented . | . . Kills | -11 -10 ------- Run | Yrd Mat Combat Hostiles Destroyed 10 | 2 8 Guns 1 | 1 . AOE 9 | 1 8 Classes Destroyed 5 | 1 4 Worker 1 | . 1 Watcher 1 | . 1 Swarmer 2 | . 2 Grunt 6 | . 6 Assembled 2 | 2 . Best Kill Streak 5 | 1 5 Combat Bots Only 4 | 1 4 Max Kills in Single Turn 2 | 1 2 Gunslinging . | . . Exploded 2 | 1 2 Melee . | . . Uniques/NPCs Destroyed . | . . Combat | -11 -10 -------- Run | Yrd Mat Hostile Shots Fired 44 | 23 21 Missed 16 | 9 7 Damage Taken 812 | 601 211 Core 253 | 216 37 Absorbed by Shields . | . . Regen/Repaired (Parts) 88 | . 88 Core Remaining (%) 13 | 13 . Volleys Fired 26 | 9 17 Largest 2 | 2 2 Hottest 60 | 40 60 Shots Fired 32 | 13 19 Gun 10 | 10 . Cannon . | . . Launcher 22 | 3 19 Special . | . . Kinetic 10 | 10 . Thermal . | . . Explosive 22 | 3 19 Electromagnetic . | . . Robot Hit Streak 13 | 2 13 Robot Miss Streak 4 | 4 . Penetration Max . | . . Secondary Targets . | . . Shots Hit Robots 18 | 6 12 Core Hits 20 | 5 15 Critical Kills . | . . Critical Parts Destroyed . | . . Critical Strikes . | . . Melee Attacks . | . . Impact . | . . Slashing . | . . Piercing . | . . Sneak Attacks . | . . Combat Hostiles . | . . Follow-up Attacks . | . . Damage Inflicted 1063 | 170 893 Guns 67 | 67 . Cannons . | . . Explosions 996 | 103 893 Melee . | . . Ramming . | . . Kinetic 67 | 67 . Thermal . | . . Explosive 996 | 103 893 Electromagnetic . | . . Impact . | . . Slashing . | . . Piercing . | . . Highest Corruption 2 | . 2 Average Corruption 2 | . 2 Corruption Purged . | . . Corruption Blocked . | . . Effects 1 | . 1 Message Errors 1 | . 1 Overload Shots . | . . Overflow Damage 26 | 8 18 Projectiles . | . . Explosions 26 | 8 18 Melee . | . . Knockbacks . | . . Impact . | . . Kinetic . | . . Secondary . | . . Self-Inflicted Damage 86 | 38 48 Shots 3 | 1 2 Rammed . | . . Targets Rammed . | . . Kicked . | . . Crushed . | . . Highest Temperature 15 | 15 10 Average Temperature 7 | 9 5 Received Heat Transfer 115 | 40 75 Siege Activations . | . . Robots Corrupted . | . . Combat Hostiles . | . . Parts Fried . | . . Impact Corruptions . | . . Robots Melted . | . . Combat Hostiles . | . . Parts Melted . | . . Heat Transferred . | . . Parts Sabotaged . | . . Parts Stolen . | . . Parts Stripped . | . . Power Chain Reactions . | . . Alert | -11 -10 ------- Run | Yrd Mat Peak Influence 359 | 15 359 Initial . | . . Average 12 | . 150 Maximum Alert Level 1 | . 1 Low Security (%) 97 | 100 67 Level 1 2 | . 32 Level 2 . | . . Level 3 . | . . Level 4 . | . . Level 5 . | . . High Security . | . . Max Security . | . . Squads Dispatched 1 | . 1 Investigation 1 | . 1 Extermination . | . . Reinforcement . | . . Assault . | . . Garrison . | . . Intercept . | . . Searches Triggered . | . . Construction Impeded . | . . Haulers Reinforced . | . . Active Scanning Responses . | . . Cargo Convoy Interrupts . | . . Stealth | -11 -10 --------- Run | Yrd Mat Distress Signals . | . . Communications Jammed . | . . Distress Signals . | . . Times Spotted 32 | 18 14 Peak Tracking Total 20 | 20 4 Tactical Retreats 3 | 3 . Traps | -11 -10 ------- Run | Yrd Mat Traps Triggered 2 | . 2 Indirectly . | . . Trap Hack Attempts . | . . Triggered . | . . Disarmed . | . . Reprogrammed . | . . Reused . | . . Traps Extracted . | . . Installed . | . . Triggered . | . . Machines | -11 -10 ---------- Run | Yrd Mat Machines Disabled 4 | . 4 Max in Single Turn 2 | . 2 Machines Repaired . | . . Machines Dismantled . | . . Machines Sabotaged . | . . Overloaded Fab Kills . | . . Hacking | -11 -10 --------- Run | Yrd Mat Machines Accessed 3 | . 3 Terminals 2 | . 2 Fabricators . | . . Repair Stations 1 | . 1 Recycling Units . | . . Scanalyzers . | . . Garrison Access . | . . Total Hacks 8 | . 8 Successful 6 | . 6 Failed 2 | . 2 Catastrophic . | . . Database Lockouts . | . . Manual 2 | . 2 Terminals 5 | . 5 Fabricators . | . . Repair Stations 3 | . 3 Recycling Units . | . . Scanalyzers . | . . Garrison Access . | . . Terminal Hacks 4 | . 4 Alert Level 1 | . 1 Dispatch Records 1 | . 1 Surveillance Status 1 | . 1 Zone Layout 1 | . 1 Fabricator Hacks . | . . Repair Station Hacks 2 | . 2 Scan Component 1 | . 1 Repair 1 | . 1 Recycling Unit Hacks . | . . Scanalyzer . | . . Garrison Access Hacks . | . . Unauthorized Hacks . | . . Terminals . | . . Fabricators . | . . Repair Stations . | . . Recycling Units . | . . Scanalyzers . | . . Garrison Access . | . . Data Cores Recovered . | . . Used . | . . Hacking Detections 3 | . 3 Full Trace Events . | . . Feedback Events . | . . Feedback Blocked . | . . Robot Schematics Acquired . | . . Robots Built . | . . Authchips . | . . Time . | . . Total Robot Build Rating . | . . Part Schematics Acquired . | . . Parts Built . | . . Authchips . | . . Time . | . . Total Part Build Rating . | . . Parts Repaired 1 | . 1 Time 26 | . 26 Parts Recycled . | . . Recycled Matter . | . . Retrieved Matter . | . . Retrieved Components . | . . Parts Scanalyzed . | . . Part Schematics Acquired . | . . Parts Damaged . | . . Bothacking | -11 -10 ------------ Run | Yrd Mat Used RIF Installer . | . . Robots Hacked . | . . Non-combat . | . . Combat . | . . Robot Hacks Applied . | . . Relay Couplers Released . | . . Fabnet Peak Effective % . | . . Robots Rewired . | . . Allies Hacked . | . . Hacks Repelled . | . . Allies | -11 -10 -------- Run | Yrd Mat Total Allies . | . . Largest Group . | . . Highest-Rated Group . | . . Highest-Rated Ally . | . . Total Orders . | . . Ally Attacks . | . . Total Damage . | . . Kills . | . . Allies Corrupted . | . . Allies Melted . | . . Intel | -11 -10 ------- Run | Yrd Mat Robot Analysis Total . | . . Derelict Logs Recovered . | . . Drone Launches . | . . Drone Recoveries . | . . Exploration | -11 -10 ------------- Run | Yrd Mat Turns Passed 3109 | 2851 258 Spaces Moved 656 | 501 155 Core 3 | 3 . Treads . | . . Legs 653 | 498 155 Wheels . | . . Hover . | . . Flight . | . . Fastest Speed 50 | 50 120 Average Speed 119 | 119 120 Slowest Speed 120 | 120 120 Overloaded Moves . | . . Propulsion Burnouts . | . . Robots Hopped . | . . Cave-ins Triggered . | . . Exploration Rate (%) 49 | 61 37 Regions Visited 1 Branch Regions . Pre-discovered Areas . | . . Known Exits Taken . | . . Unknown Exits Taken 1 | 1 . Scrap Searched . | . . Spaces Dug . | . . Terrain Destroyed 157 | 39 118 Melee . | . . Projectile . | . . AOE 157 | 39 118 Terrain Rammed . | . . Walls Destroyed . | . . Machines Disabled . | . . Actions | -11 -10 --------- Run | Yrd Mat Total 2942 | 2736 206 Wait 2240 | 2214 26 Move 655 | 500 155 Hop . | . . Pick Up 8 | 5 3 Fast Attach 8 | 7 1 Attach 2 | 1 1 Detach . | . . Swap 3 | . 3 Drop . | . . Fire 26 | 9 17 Melee . | . . Ram . | . . Kick . | . . Crush . | . . Escape Stasis . | . . Rewire . | . . Trap . | . . Miscellaneous . | . . Route ------- -11/Scrapyard -10/Materials (discovered 1 exit: [*Mat]) History --------- Turn | Location | Event 10 | -11/Scrapyard | Discovered new exit (range 16) 2117 | -11/Scrapyard | Assembled infested the area 2176 | -11/Scrapyard | Core integrity fell below 50% 2728 | -11/Scrapyard | Core integrity fell below 20% 2852 | -11/Scrapyard | Entered Materials 2853 | -10/Materials | Build established: Mutant 3009 | -10/Materials | Repaired Aluminum Leg 3107 | -10/Materials | Discovered new exit (range 3) 3110 | -10/Materials | Destroyed by G-34 Mercenary with Small Laser Last Messages --------------- Retrieving Zone 9P layout... Downloaded map data. >>Enumerate(Squads) Retrieving dispatch records... Found 6 active squads: 3x Surveillance 1x Patrol 2x Transport >>Enumerate(Surveillance) Retrieving latest reported positions... Found 3 active surveillance squads. Downloaded coordinate data. MIEE25XGL08ULNLTE,N98&Q86LV W-16 Scout destroyed. S-10 Pest destroyed. EXIT=FOUND Triggered Alarm Trap. An alarm sounds. ALERT: Alarm triggered, dispatching investigation squad. Map ----- +----------------------------------------------------+ | | | | | | | | | | | | | | | | | | | | | | | | | | | | | | | ?????????????????????????????????????????????????? | | ?????????????????????????????????????????????????? | | ??#####?????????####????????? ?????????????????? | | ??#"""#?????????# ######## """??????????????????? | | ###"T"########### # """??????????????????? | | % """??????????????????? | | #### # ?????????????? | | #?##### ####??######????????????????? | | #?# #####????????????????????? | | ## = """ # #????????????????????? | | # %= """ #@g ##### ????????? | | """ #sg ????????? | | # + ##### ????????? | | " # [ """ # #????????? ?????????? | | # " ## [ Y" # #????????????????????? | | ## """ # #????????????????????? | | ## " # #????????????????????? | | # ### " ###### #????????????????????? | | #?# "" ??????# #????????????????????? | | + ####### ###????# +????????????????????? | | # ??????? #????????????????????? | | # ??????? #????????????????????? | | # ??????? #????????????????????? | | # ####+#?????????####????????????????????? | | # #??????????????????????????????????????? | | # #??????????????????????????????????????? | | # #??????????????????????????????????????? | | #??????????????????????????????????????? | | #??????????????????????????????????????? | | #??????????????????????????????????????? | | ## #### #??????????????????????????????????????? | | ##+#### #########??????????????????????????????? | | # # ?#????????????????????????????? | | """ # # ? #????????????????????????????? | | """"" # # """ #????????????????????????????? | +----------------------------------------------------+ Best States ------------- Heat Dissipation 25 Energy Generation 10 Energy Capacity 250 Matter Stores 300 Matter Capacity 300 Sight Range 16 Terrain Scan Density 10 Evasion (%) 55 Launcher Accuracy 20 Item Schematics ----------------- None Robot Schematics ------------------ None Fabricated ------------ Nothing Alien Tech Used ----------------- None Achievements -------------- Curiosity Killed The Cat Hunted Slippery One Challenges ------------ None Game ------ Seed BackupGammaRipper Manual? 0 Play Time 00:14:38 Cumulative 5.9 hours Start 2024.04.02 @ 23:08:22 End 2024.04.02 @ 23:22:14 Sessions 1 Manual Loads 0 Difficulty Rogue Special Mode None Game No. 6 Rogue 6 Adventurer 0 Explorer 0 Win Type - Total 0 Types 0/0/0/0/0/0/0/0/0 Lore% 6 Gallery% 10 Achievement% 14 Wizard Run 0 Options --------- Layout 1 ASCII 0 Keyboard 0 Movement Mouse Keybinds 0 Fullscreen 1 Font 24/Smallcaps Map View 50x35 Zoom Use 0% Tactical HUD 0 Map Filters NONE Filters NONE Steam 1 RUN: 31c1bf6e-5712-4758-a650-d0c3eba8cf41